 Dungeon Crawl Stone Soup version 0.31-a0-700-gf13585253f (webtiles) character file.

Game seed: 1745779735610821969

30850 cforsyth the Warrior (level 13, 0/96 HPs)
             Began as a Djinni Chaos Knight on Sept 7, 2023.
             Was a High Priest of Hepliaklqana.
             Slain by a cane toad (22 damage)
             ... on level 2 of the Lair of Beasts.
             The game lasted 00:48:19 (19138 turns).

cforsyth the Warrior (Djinni Chaos Knight)         Turns: 19138, Time: 00:48:20

Health: 0/96       AC:  6    Str: 16    XL:     13   Next: 91%
Gold:   1663       EV: 16    Int: 23    God:    Hepliaklqana [*****.] SH:  7 Dex: 15

rFire   + + .        f - +5 dagger "String" {holy, Fragile Fly Str+5 Dex+2}
rCold   x . .        v - +0 buckler
rNeg    . . .        M - +0 troll leather armour
rPois   ∞            P - +1 helmet {Int+3}
rElec   +            O - +0 cloak {Will+}
rCorr   +            (no gloves)
SInv    .            (boots unavailable)
Will    +++..        (no amulet)
Stlth   +            s - ring of Bithudgh {rElec rCorr EV+5 Int+3}
HPRegen 1.16/turn    K - ring of willpower
MPRegen 0.00/turn

%: infuse magic (-1 HP)
@: flying
A: reduced essence, sickness immunity, fire resistance 2, cold vulnerability 1,
float, innate caster, HP casting, extra vitality 1, clumsy 1, screaming 1,
subdued magic 1, inability to drink after injury 1, noise suppression
a: Renounce Religion, Recall Ancestor, Ancestor Identity, Transference, Idealise


You were on level 2 of the Lair of Beasts.
You worshipped Hepliaklqana.
Hepliaklqana was extremely pleased with you.
You visited 2 branches of the dungeon, and saw 14 of its levels.
You also visited: Sewer.

You collected 1843 gold pieces.
You spent 180 gold pieces at shops.

Inventory:

Hand Weapons
 a - a +0 falchion of chaos
 f - the +5 dagger "String" (weapon) {holy, Fragile Fly Str+5 Dex+2}
   (You found it on level 3 of the Dungeon)

   Str+5:     It affects your strength (+5).
   Dex+2:     It affects your dexterity (+2).
   Fly:       It grants you flight.
   Fragile:   It will be destroyed if unequipped.
Missiles
 c - 4 throwing nets
Armour
 b - a +2 leather armour
 v - a +0 buckler (worn)
 M - a +0 troll leather armour (worn)
 O - a +0 cloak of willpower (worn)
 P - a +1 helmet of intelligence (worn)
Jewellery
 d - a +6 ring of intelligence
 s - the ring of Bithudgh (left hand) {rElec rCorr EV+5 Int+3}
   (You found it on level 4 of the Dungeon)

   [ring of evasion]

   EV+5:      It affects your evasion (+5).
   Int+3:     It affects your intelligence (+3).
   rElec:     It insulates you from electricity.
   rCorr:     It protects you from acid and corrosion.
 K - a ring of willpower (right hand)
 L - an amulet of faith
Wands
 i - a wand of iceblast (23)
 p - a wand of charming (2)
 u - a wand of polymorph (27)
 G - a wand of flame (21)
 H - a wand of light (16)
 I - a wand of digging (5)
 Q - a wand of mindburst (6)
Scrolls
 g - a scroll of identify
 l - 5 scrolls of enchant armour {unknown}
 m - 4 scrolls of fog {unknown}
 n - 6 scrolls of teleportation {unknown}
 q - 5 scrolls of poison
 r - 5 scrolls of enchant weapon {unknown}
 w - 3 scrolls of immolation {unknown}
 y - a scroll of vulnerability
 z - 2 scrolls of fear
 A - 3 scrolls of brand weapon {unknown}
 B - 2 scrolls of revelation
 J - a scroll of blinking
Potions
 e - 6 potions of curing
 h - 6 potions of might
 j - 5 potions of invisibility
 k - 2 potions of haste
 o - 3 potions of cancellation
 t - 12 potions of ambrosia
 x - 2 potions of mutation
 C - a potion of lignification
 D - 4 potions of brilliance
 E - 2 potions of attraction
 F - 2 potions of heal wounds
 N - a potion of enlightenment


   Skills:
 + Level 15.1 Fighting
 - Level 2.6 Long Blades
 - Level 1.0 Armour
 - Level 2.1 Dodging
 - Level 10.0 Shields
 + Level 10.7 Spellcasting
 + Level 10.7 Conjurations
 + Level 10.7 Hexes
 + Level 10.7 Summonings
 + Level 10.7 Necromancy
 + Level 10.7 Translocations
 + Level 10.7 Transmutations
 + Level 10.7 Fire Magic
 + Level 10.7 Ice Magic
 + Level 10.7 Air Magic
 + Level 10.7 Earth Magic
 + Level 10.7 Poison Magic


You knew the following spells:

 Your Spells              Type           Power      Damage    Failure   Level
a - Apportation           Tloc           94%        N/A       1%          1
b - Momentum Strike       Conj/Tloc      94%        3d10      1%          2
c - Mephitic Cloud        Conj/Pois/Air  47%        N/A       1%          3
d - Anguish               Hex/Necr       23%        N/A       1%          4
e - Animate Armour        Summ/Erth      94%        N/A       1%          4
f - Borgnjor's Vile Clut  Necr/Erth      23%        N/A       1%          5
Your spell library was empty.

Dungeon Overview and Level Annotations

Branches:
Dungeon (12/15)            Temple (0/1) D:4            Lair (2/5) D:9
    Orc (0/2) D:9           Sewer (visited)
  Swamp: Lair:2-3    Shoals: Lair:2-3     Snake: Lair:2-3    Spider: Lair:2-3

Altars:
Ashenzari
Cheibriados
Dithmenos
Elyvilon
Fedhas
Gozag
Hepliaklqana
Makhleb
Okawaru
Ru
Trog
Uskayaw
Wu Jian
Xom
Yredelemnul
The Shining One

Shops:
D:6 *   D:12 ?


Innate Abilities, Weirdness & Mutations

Your life essence is reduced to manifest your ancestor. (-10% HP)
You are immune to sickness and miasma.
You are immune to poison.
Your flesh is very heat resistant. (rF++)
You are vulnerable to cold. (rC-)
You float through the air rather than walking.
You learn spells naturally, not from books.
Your magical power is your life essence.
You have superior vitality. (+4 MHP)
You are clumsy. (Dex -2)
You occasionally shout uncontrollably at your foes.
Your spells are a little easier to cast, but a little less powerful.
You occasionally lose the ability to drink potions when taking damage.
You passively dampen the noise of your surroundings.


Message History

The wolf appears confused.
The wyvern closely misses Namzu.
The blink frog struggles to escape constriction.
The wolf closely misses you.
Namzu hits the wyvern with a +0 flail!
The wolf bites you!
The wolf is wracked by anguish!
The wolf dies!
The wolf is engulfed in noxious fumes. x2; The wolf appears confused.
You block the wolf's attack.
The wyvern bites Namzu!
The blink frog escapes!
Casting: Borgnjor's Vile Clutch (dangerous; 1% risk of failure)
Confirm with . or Enter, or press ? or * to list all spells.
You don't know that spell.
You are too injured to fight recklessly!
You hit the wolf but do no damage.
The wolf is heavily wounded.
The zombie hands constrict the wyvern.
The wolf misses you.
The wolf is engulfed in noxious fumes.
The wolf appears confused.
The wyvern closely misses Namzu.
The blink frog barely misses the wolf.
The wolf barely misses you.
Namzu hits the wyvern with a +0 flail!
The wyvern dies!
The wolf is engulfed in noxious fumes.
You are too injured to fight recklessly!
You hit the wolf.
The wolf is severely wounded.
The wolf bites the cane toad!
The wolf is wracked by anguish!
The wolf bites you.
The wolf is wracked by anguish.
The blink frog hits the wolf!
The wolf is killed!
The cane toad stings you but does no damage.
Casting: Borgnjor's Vile Clutch (dangerous; 1% risk of failure)
Confirm with . or Enter, or press ? or * to list all spells.
Aiming: Borgnjor's Vile Clutch (dangerous; 1% risk of failure)
Press: ? - help, Shift-Dir - straight line, f - cane toad
Aim: a cane toad (moderately wounded, anguished, 100% to hit)
Zombie hands grab the cane toad.
Namzu avoids your attack.
* * * LOW HITPOINT WARNING * * *
The zombie hands constrict the cane toad.
The wolf bites you.
* * * LOW HITPOINT WARNING * * *
The wolf is wracked by anguish.
The cane toad stings you!!
You die...

..................#
..................##
..##P..P...###....#
######.###....##
####.#...# ##....#
#.######....##
.............#
...†RFF@....##
.....°.°h...#
.####.h.....#
#.......P#
#.......##
.........#
.........##
..........#


You could see the friendly Namzu the knight, a cane toad (clutched, anguished),
a blink frog (confused) and 2 wolves.

Vanquished Creatures
  Erolcha (D:10)
  A death yak (D:9)
  3 manticores (D:9)
  A cyclops (D:7)
  A cane toad (Lair:1)
  A gargoyle (D:12)
  3 komodo dragons
  A polar bear (D:9)
  A meliai (D:12)
  3 trolls
  A dream sheep (D:9)
  A wraith (D:10)
  A shadow (D:7)
  20 yaks
  A wyvern (Lair:1)
  2 hogs (D:9)
  A steam dragon (D:7)
  4 vampire mosquitoes
  Duvessa (D:5)
  2 acid dragons (D:11)
  A water moccasin (D:9)
  3 orc warriors
  A hornet zombie (D:6)
  An ice beast (D:4)
  3 black bears
  2 sky beasts
  An ogre (D:4)
  6 wolves
  7 centaurs
  Blork the orc (D:5)
  3 kobold brigands
  A gnoll sergeant (D:5)
  6 bullfrogs
  A scorpion (D:5)
  A wyvern zombie (D:6)
  2 necrophages (D:6)
  3 water moccasin zombies (D:6)
  Dowan (D:5)
  11 wights
  17 killer bees
  4 howler monkeys (D:7)
  2 centaur zombies (D:6)
  A human zombie (D:6)
  A gnoll bouda (D:6)
  6 orc priests
  4 hounds
  An iron imp (D:10)
  2 jellies
  5 orc wizards
  An ancestor (D:7)
  2 knights
  A sleepcap (D:4)
  6 iguanas
  Ijyb (D:3)
  A killer bee zombie (D:6)
  2 mummies (D:6)
  A howler monkey zombie (D:6)
  26 gnolls
  12 adders
  7 river rats (Sewer)
  An ufetubus (D:3)
  2 worms
  5 dart slugs
  45 orcs
  13 ball pythons
  6 bats
  7 endoplasms
  5 giant cockroaches
  15 goblins
  10 hobgoblins
  3 jackals (D:3)
  6 quokkas
  9 frilled lizards
  32 kobolds
  20 rats
387 creatures vanquished.

Vanquished Creatures (collateral kills)
  A boulder beetle (D:12)
  2 two-headed ogres
  A cyclops (D:11)
  An ugly thing (D:11)
  2 manticores
  3 slime creatures (D:12)
  An unseen horror (D:12)
  2 gargoyles
  A cane toad (Lair:1)
  3 komodo dragons
  3 polar bears (D:9)
  2 meliai (D:12)
  4 trolls
  A hornet (D:7)
  A blink frog (Lair:2)
  Sigmund (D:4)
  A shadow (D:7)
  2 vampires
  2 wraiths (D:11)
  3 wyverns
  15 yaks
  2 basilisks
  2 steam dragons
  A water moccasin (Lair:1)
  4 black bears
  An orc warrior (D:9)
  An ice beast (D:7)
  2 wolves
  2 centaurs
  A kobold brigand (D:9)
  2 bullfrogs
  2 gnoll sergeants
  A water moccasin zombie (D:6)
  5 wights
  11 killer bees (D:12)
  A howler monkey (D:10)
  An orc priest (D:12)
  2 hounds (D:4)
  Crazy Yiuf (D:2)
  A gnoll bouda (D:8)
  Terence (D:2)
  5 orc wizards
  Robin (D:4)
  9 gnolls
  An adder (D:6)
  7 orcs
  2 ball pythons (D:4)
  2 kobolds (D:9)
123 creatures vanquished.

Vanquished Creatures (others)
  A queen bee (D:12)
  A wolf (Lair:2)
  4 knights
  4 ancestors
10 creatures vanquished.

Grand Total: 520 creatures vanquished

Notes
Turn   | Place    | Note
-------+----------+-------------------------------------------
     0 | D:1      | cforsyth the Djinni Chaos Knight began the quest for the
                  | Orb.
     0 | D:1      | Reached XP level 1. HP: 20/20 MP: 0/0
    23 | D:1      | XOM: potion effect (brilliance)
    59 | D:1      | Reached XP level 2. HP: 25/25 MP: 0/0
   160 | D:1      | Reached skill level 1 in Spellcasting
   160 | D:1      | Reached skill level 1 in Conjurations
   160 | D:1      | Reached skill level 1 in Hexes
   160 | D:1      | Reached skill level 1 in Summonings
   160 | D:1      | Reached skill level 1 in Necromancy
   160 | D:1      | Reached skill level 1 in Translocations
   160 | D:1      | Reached skill level 1 in Transmutations
   160 | D:1      | Reached skill level 1 in Fire Magic
   160 | D:1      | Reached skill level 1 in Ice Magic
   160 | D:1      | Reached skill level 1 in Air Magic
   160 | D:1      | Reached skill level 1 in Earth Magic
   160 | D:1      | Reached skill level 1 in Poison Magic
   290 | D:1      | Reached XP level 3. HP: 28/30 MP: 0/0
   290 | D:1      | Learned a level 1 spell: Apportation
   846 | D:2      | XOM: god gift: 1192 gold pieces
   875 | D:2      | XOM: scenery: create altars
   905 | D:2      | Reached XP level 4. HP: 15/37 MP: 0/0
  1040 | D:2      | Reached skill level 4 in Fighting
  1249 | D:2      | XOM: scenery: summon butterflies
  1266 | D:2      | Found a runed translucent door.
  1267 | D:2      | Noticed Crazy Yiuf
  1299 | D:2      | Found a hazy altar of Hepliaklqana.
  1315 | D:2      | Fell from the grace of Xom
  1315 | D:2      | Became a worshipper of Hepliaklqana the Forgotten
  1353 | D:2      | Noticed Terence
  1422 | D:3      | Identified the +5 dagger "String" {holy, Fragile Fly Str+5
                  | Dex+2}
  1437 | D:3      | Found a glowing drain.
  1450 | D:3      | Reached XP level 5. HP: 41/41 MP: 0/0
  1450 | D:3      | Learned a level 2 spell: Momentum Strike
  1463 | Sewer    | Entered a sewer
  1754 | Sewer    | Reached XP level 6. HP: 28/49 MP: 0/0
  2156 | Sewer    | Reached skill level 5 in Fighting
  2414 | D:3      | HP: 2/49 [gnoll/+2 halberd of venom (11)]
  2705 | D:3      | XOM: 2-stop teleportation journey
  3284 | D:3      | Noticed Ijyb
  3294 | D:3      | Killed Ijyb
  3707 | D:4      | Reached XP level 7. HP: 47/54 MP: 0/0
  3707 | D:4      | Learned a level 3 spell: Mephitic Cloud
  3730 | D:4      | Identified the ring of Bithudgh {rElec rCorr EV+5 Int+3}
  3772 | D:4      | Found a burning altar of Makhleb.
  3823 | D:4      | Found a staircase to the Ecumenical Temple.
  3903 | D:4      | Reached * piety under Hepliaklqana
  3923 | D:4      | Noticed Robin
  3924 | D:4      | Reached skill level 6 in Fighting
  3940 | D:4      | Killed Robin
  4009 | D:4      | Noticed Sigmund
  4034 | D:4      | Killed Sigmund
  4035 | D:4      | Reached XP level 8. HP: 50/55 MP: 0/0
  4302 | D:4      | Found a glowing golden altar of the Shining One.
  4303 | D:4      | Found an ornate altar of the Wu Jian Council.
  4658 | D:5      | Entered Level 5 of the Dungeon
  4710 | D:4      | XOM: summons 2 hostile shadow creatures
  4772 | D:4      | XOM: confusion
  4789 | D:3      | Reached skill level 7 in Fighting
  4950 | D:5      | Noticed Duvessa
  5054 | D:5      | Noticed Blork the orc
  5062 | D:5      | Killed Blork the orc
  5330 | D:4      | XOM: give mutations
  5330 | D:4      | Gained mutation: You occasionally lose the ability to drink
                  | potions when taking damage. [Xom's mischief]
  5330 | D:4      | Gained mutation: You have hidden genetic defects. [Xom's
                  | mischief]
  5338 | D:5      | Reached skill level 5 in Spellcasting
  5338 | D:5      | Reached skill level 5 in Conjurations
  5338 | D:5      | Reached skill level 5 in Hexes
  5338 | D:5      | Reached skill level 5 in Summonings
  5338 | D:5      | Reached skill level 5 in Necromancy
  5338 | D:5      | Reached skill level 5 in Translocations
  5338 | D:5      | Reached skill level 5 in Transmutations
  5338 | D:5      | Reached skill level 5 in Fire Magic
  5338 | D:5      | Reached skill level 5 in Ice Magic
  5338 | D:5      | Reached skill level 5 in Air Magic
  5338 | D:5      | Reached skill level 5 in Earth Magic
  5338 | D:5      | Reached skill level 5 in Poison Magic
  5348 | D:5      | Noticed Dowan
  5374 | D:5      | Killed Duvessa
  5379 | D:5      | Killed Dowan
  5380 | D:5      | Reached skill level 8 in Fighting
  5380 | D:5      | Reached XP level 9. HP: 29/63 MP: 0/0
  5380 | D:5      | Learned a level 4 spell: Anguish
  5389 | D:5      | Gained mutation: You are clumsy. (Dex -2) [hidden defects]
  5744 | D:5      | XOM: noise
  5745 | D:5      | Found a shadowy altar of Dithmenos.
  5786 | D:5      | XOM: god gift: purple potion {god gift}
  6141 | D:5      | Reached skill level 1 in Shields
  6145 | D:5      | XOM: give mutations
  6145 | D:5      | Gained mutation: Your spells are a little easier to cast,
                  | but a little less powerful. [Xom's mischief]
  6145 | D:5      | Gained mutation: You passively dampen the noise of your
                  | surroundings. [Xom's mischief]
  6165 | D:5      | Gained mutation: You occasionally shout uncontrollably at
                  | your foes. [hidden defects]
  6165 | D:5      | Lost mutation: You have hidden genetic defects. [hidden
                  | defects expressed]
  6383 | D:6      | Found Rulyhufe's Elemental Accessories.
  6386 | D:6      | Reached ** piety under Hepliaklqana
  6604 | D:6      | Found a broken altar of Ashenzari.
  6652 | D:6      | XOM: swap monsters
  6735 | D:6      | XOM: 1-stop teleportation journey
  6925 | D:6      | Found a basalt altar of Yredelemnul.
  6935 | D:6      | Reached skill level 9 in Fighting
  7193 | D:6      | XOM: summons 2 hostile shadow creatures
  7201 | D:6      | Reached XP level 10. HP: 15/70 MP: 0/0
  8061 | D:6      | XOM: noise
  8457 | D:7      | Reached skill level 5 in Shields
  8483 | D:7      | Reached skill level 10 in Fighting
  8685 | D:7      | Noticed a cyclops
  8693 | D:7      | Killed a cyclops
  8986 | D:7      | Found a blossoming altar of Fedhas.
  9166 | D:7      | Remembered your ancestor Namzu as a knight
  9183 | D:7      | XOM: polymorph ice beast -> basilisk
  9391 | D:7      | Reached *** piety under Hepliaklqana
 10183 | D:7      | Reached XP level 11. HP: 57/77 MP: 0/0
 10183 | D:7      | Learned a level 4 spell: Animate Armour
 11107 | D:8      | Reached skill level 11 in Fighting
 11224 | D:8      | Found a bloodstained altar of Trog.
 11538 | D:9      | Found a staircase to the Orcish Mines.
 11747 | D:9      | Noticed a manticore
 11748 | D:9      | Found a runed translucent gate.
 11748 | D:9      | Noticed a death yak
 11851 | D:9      | Found a runed translucent gate.
 11851 | D:9      | Noticed a manticore
 11884 | D:9      | Found a staircase to the Lair.
 12066 | D:9      | XOM: noise
 12140 | D:9      | Found an opulent altar of Gozag.
 12160 | D:9      | Found a runed translucent gate.
 12163 | D:9      | Noticed a manticore
 12164 | D:9      | Noticed a manticore
 12217 | D:9      | Reached **** piety under Hepliaklqana
 12599 | D:9      | Found a white marble altar of Elyvilon.
 13494 | D:9      | XOM: silly message
 13670 | D:9      | Reached skill level 12 in Fighting
 13771 | D:9      | XOM: silly message
 13843 | D:10     | Entered Level 10 of the Dungeon
 13846 | D:10     | Found a snail-covered altar of Cheibriados.
 13978 | D:10     | Found a sacrificial altar of Ru.
 13978 | D:10     | Noticed Erolcha
 13999 | D:10     | Killed Erolcha
 14000 | D:10     | Reached XP level 12. HP: 41/85 MP: 0/0
 14066 | D:10     | Noticed a two-headed ogre
 14079 | D:10     | Killed a two-headed ogre
 14148 | D:10     | Found an iron altar of Okawaru.
 14161 | D:10     | XOM: noise
 14293 | D:10     | XOM: divination: detect items
 14293 | D:10     | Was forgiven by Xom
 14315 | D:10     | Found a hide-covered altar of Uskayaw.
 14315 | D:10     | Noticed a +0 falchion
 14315 | D:10     | Noticed a +0 spear
 14316 | D:10     | Noticed a +0 dagger
 14316 | D:10     | Noticed a +0 spear
 14317 | D:10     | Noticed a +0 short sword
 14318 | D:10     | Noticed a +0 falchion
 14319 | D:10     | Noticed a +0 dagger
 14319 | D:10     | Noticed a +0 short sword
 14357 | D:10     | You are sucked into a shaft and drop 2 floors!
 14736 | D:12     | Found Oritorph's Magic Scroll Emporium.
 14758 | D:12     | Bought a scroll of identify for 30 gold pieces
 14758 | D:12     | Bought a scroll of identify for 30 gold pieces
 14758 | D:12     | Bought a scroll of identify for 30 gold pieces
 14758 | D:12     | Bought 3 scrolls of identify for 90 gold pieces
 15016 | D:10     | Reached skill level 13 in Fighting
 15016 | D:10     | Reached skill level 10 in Shields
 15360 | D:11     | Reached ***** piety under Hepliaklqana
 16058 | D:11     | Reached XP level 13. HP: 78/92 MP: 0/0
 16058 | D:11     | Learned a level 5 spell: Borgnjor's Vile Clutch
 16688 | D:12     | Reached skill level 14 in Fighting
 17201 | D:9      | Reached skill level 10 in Spellcasting
 17201 | D:9      | Reached skill level 10 in Conjurations
 17201 | D:9      | Reached skill level 10 in Hexes
 17201 | D:9      | Reached skill level 10 in Summonings
 17201 | D:9      | Reached skill level 10 in Necromancy
 17201 | D:9      | Reached skill level 10 in Translocations
 17201 | D:9      | Reached skill level 10 in Transmutations
 17201 | D:9      | Reached skill level 10 in Fire Magic
 17201 | D:9      | Reached skill level 10 in Ice Magic
 17201 | D:9      | Reached skill level 10 in Air Magic
 17201 | D:9      | Reached skill level 10 in Earth Magic
 17201 | D:9      | Reached skill level 10 in Poison Magic
 17614 | D:2      | Killed Terence
 17732 | D:2      | Killed Crazy Yiuf
 17899 | Lair:1   | Entered Level 1 of the Lair of Beasts
 18491 | Lair:1   | Reached skill level 15 in Fighting
 19138 | Lair:2   | Slain by a cane toad

Illustrated notes

Levels and vault maps discovered:
D:1:      ncdulo_watergridlock, layout_loops_ring, serial_glass,
          glass_columns_c, glass_columns_a, glass_columns_a, glass_columns_a,
          glass_columns_a, glass_columns_b, glass_columns_a, glass_columns_c,
          glass_columns_c, glass_columns_c, glass_columns_c, glass_columns_b,
          glass_columns_c, glass_columns_b, kennysheep_decorative_pillar,
          nrook_campfire, roderic_malta_cross
D:2:      layout_rooms, basic_altar, uniq_terence, uniq_crazy_yiuf_cottage
D:3:      layout_loops_ring, portal_sewer_entry_f, minmay_between, uniq_ijyb
D:4:      layout_loops_cross, lemuel_tele_altar, nicolae_overflow_two_pavilions,
          minmay_temple_entry_antechambers, nrook_loot_triangle, uniq_sigmund,
          uniq_robin
D:5:      layout_rooms, nicolae_dithmenos_through_a_glass_darkly,
          kennysheep_pointless_box, grunt_ministairs_13, nrook_pool_corridor,
          lightli_minifort, uniq_blork_the_orc, uniq_duvessa
D:6:      layout_basic, nicolae_yredelemnul_corpse_copse,
          lemuel_mausoleum_altar_kikubaaqudgha, overflow_temple_1_default,
          nicolae_zen_rock_garden, nicolae_elemental_shop
D:7:      nzn_winding_woodlands_three_and_one
          [nzn_winding_woodlands_5x15_jagged, nzn_winding_woodlands_5x15_parted,
          nzn_winding_woodlands_5x15_sidewinder,
          nzn_winding_woodlands_center_triple_pond], layout_loops_ring,
          mainiacjoe_overflow_catwalk
D:8:      layout_basic, lemuel_doored_altar
D:9:      lemuel_bear_cage, layout_irregular_city,
          mainiacjoe_overflow_surrounded_room, grunt_gozag_breadcrumbs,
          due_lair_maze_entry_diamond, orc_0_dummy, kennysheep_small_square
D:10:     layout_long_grid, general_overflow_altar, slow_altar_1,
          mainiacjoe_overflow_brackets, nicolae_uskayaw_en_pointe,
          mainiacjoe_overflow_small_starburst, minmay_lizard_king, uniq_erolcha
D:11:     layout_stronghold
D:12:     layout_roguey [special_room_bee], serial_shops,
          nicolae_shop_pleasant_corner_grove
Lair:1:   layout_regular_city, patterned_corridor, grunt_megastairs_1
Lair:2:   layout_chaotic_city, serial_bayou_pond_b

Skill      XL: |  1  2  3  4  5  6  7  8  9 10 11 12 13 |
---------------+----------------------------------------+-----
Spellcasting   | 1 2 3 4 5 6 7 8 9 10 | 10.7
Conjurations   | 1 2 3 4 5 6 7 8 9 10 | 10.7
Hexes          | 1 2 3 4 5 6 7 8 9 10 | 10.7
Summonings     | 1 2 3 4 5 6 7 8 9 10 | 10.7
Necromancy     | 1 2 3 4 5 6 7 8 9 10 | 10.7
Translocations | 1 2 3 4 5 6 7 8 9 10 | 10.7
Transmutations | 1 2 3 4 5 6 7 8 9 10 | 10.7
Fire Magic     | 1 2 3 4 5 6 7 8 9 10 | 10.7
Ice Magic      | 1 2 3 4 5 6 7 8 9 10 | 10.7
Air Magic      | 1 2 3 4 5 6 7 8 9 10 | 10.7
Earth Magic    | 1 2 3 4 5 6 7 8 9 10 | 10.7
Poison Magic   | 1 2 3 4 5 6 7 8 9 10 | 10.7
Fighting       | 4 5 6 8 9 10 12 13 15 | 15.1
Shields        | 3 6 8 10 | 10.0
Long Blades    | |  2.6
Armour         | |  1.0
Dodging        | |  2.1

Action                     |  1- 3 |  4- 6 |  7- 9 | 10-12 | 13-15 || total
---------------------------+-------+-------+-------+-------+-------++-------
  Melee: Falchion          |   106 |    45 |       |       |       ||   151
         Dagger            |       |   277 |   362 |   709 |   243 ||  1591
         Punch             |       |     4 |     7 |     4 |       ||    15
   Cast: Momentum Strike   |       |     1 |    22 |    28 |     1 ||    52
         Mephitic Cloud    |       |       |    34 |    73 |    18 ||   125
         Anguish           |       |       |       |     2 |     1 ||     3
         Animate Armour    |       |       |       |    21 |    10 ||    31
         Borgnjor's Vile C |       |       |       |       |    36 ||    36
 Invoke: Recall Ancestor   |       |       |     2 |     3 |     3 ||     8
         Ancestor Life: Kn |       |       |       |     1 |       ||     1
  Evoke: Wand              |       |     1 |     3 |       |       ||     4
    Use: Scroll            |       |     4 |     1 |    14 |       ||    19
         Potion            |       |       |     4 |       |       ||     4
   Stab: Sleeping          |       |       |     1 |       |       ||     1
         Confused          |       |       |     4 |    25 |     2 ||    31
         Distracted        |       |       |       |     4 |     1 ||     5
 Armour: Leather armour    |    57 |   211 |   214 |   205 |       ||   687
         Troll leather arm |       |       |       |   117 |   182 ||   299
  Dodge: Dodged            |    97 |   251 |   375 |   509 |   193 ||  1425
  Block: Buckler           |       |       |       |   134 |   103 ||   237

Table legend: (Time is in decaauts)
 A = Elapsed time spent in this place.
 B = Non-inter-level travel time spent in this place.
 C = Inter-level travel time spent in this place.
 D = Time resting spent in this place.
 E = Time spent auto-exploring this place.
 F = Levels seen in this place.
 G = Mean time per level.
                   A        B        C        D        E       F      G
               +--------+--------+--------+--------+--------+-----+--------+
         Total |  19118 |  18189 |    929 |   2117 |  11786 |  15 | 1274.5 |
       Dungeon |  17057 |  16149 |    908 |   1977 |  10343 |  12 | 1421.4 |
          Lair |   1232 |   1211 |     21 |    140 |    843 |   2 |  616.0 |
         Sewer |    829 |    829 |      0 |      0 |    600 |   1 |  829.0 |
               +--------+--------+--------+--------+--------+-----+--------+

Top non-repeatable levels by time:
     D:7: 2240 daAuts
     D:6: 2073 daAuts
     D:9: 1938 daAuts
     D:4: 1642 daAuts
     D:8: 1616 daAuts
    D:12: 1285 daAuts
  Lair:1: 1176 daAuts
     D:2: 1135 daAuts
    D:11: 1113 daAuts
     D:3: 1108 daAuts
    D:10: 1080 daAuts
     D:5: 994 daAuts
     D:1: 829 daAuts
   Sewer: 829 daAuts
  Lair:2: 55 daAuts
